Map: Lerilak Crest

Players

LoupErrant - Winner!

  • Race: Protoss Protoss
  • League: Master

Burt

  • Race: Terran Terran
  • League: Platinum

VOD

Have the link to the VOD?

Description

Time

  • Played on: Nov. 30, 2015, 10:54 p.m.
  • Length: 14:14
Show
View Real Time Build Order
Export as new Build Order

LoupErrant Protoss - Winner!

Build Orders: Colossus Rush 

Get SALT Encoding   

  12  0:02  Probe (Chrono Boost)  
  13  0:13  Probe (Chrono Boost)  
  14  0:18  Pylon  
  14  0:23  Probe (Chrono Boost)  
  15  0:36  Probe (Chrono Boost)  
  15  0:40  Gateway  
  16  0:44  Assimilator  
  16  0:48  Probe (Chrono Boost)  
  17  0:58  Probe (Chrono Boost)  
  18  1:09  Probe (Chrono Boost)  
  18  1:10  Pylon  
  19  1:19  Probe (Chrono Boost)  
  20  1:28  Cybernetics Core  
  20  1:33  Probe (Chrono Boost)  
  21  1:50  Nexus  
  21  1:53  Probe (Chrono Boost)  
  22  2:02  Assimilator  
  22  2:04  Probe (Chrono Boost), Warp Gate  
  23  2:11  Adept  
  26  2:17  Mothership Core (Chrono Boost)  
  27  2:36  Probe (Chrono Boost)  
  28  2:38  Adept  
  31  2:51  Probe (Chrono Boost)  
  31  3:00  Robotics Facility  
  31  3:02  Probe (Chrono Boost), Pylon  
  31  3:05  Probe (Chrono Boost)  
  33  3:13  Probe (Chrono Boost)  
  33  3:15  Probe (Chrono Boost)  
  35  3:23  Probe (Chrono Boost)  
  36  3:35  Probe x2 (Chrono Boost)  
  38  3:43  Pylon  
  38  3:45  Probe (Chrono Boost)  
  38  3:48  Warp Prism  
  39  3:53  Gateway  
  39  3:55  Gateway  
  41  3:57  Forge  
  41  4:07  Probe x2 (Chrono Boost)  
  43  4:24  Observer  
  43  4:25  Probe x2 (Chrono Boost)  
  46  4:32  Robotics Bay  
  46  4:34  Protoss Ground Weapons Level 1 (Chrono Boost)  
  46  4:35  Probe (Chrono Boost)  
  47  4:45  Gateway  
  47  4:47  Probe x2 (Chrono Boost), Gateway  
  47  4:50  Assimilator  
  49  4:52  Pylon  
  49  4:57  Probe (Chrono Boost)  
  50  5:04  Adept x2  
  50  5:05  Adept  
  52  5:26  Colossus  
  52  5:28  Extended Thermal Lance  
  52  5:33  Probe (Chrono Boost), Assimilator  
  53  5:38  Probe (Chrono Boost)  
  50  5:43  Probe (Chrono Boost)  
  50  5:48  Stalker  
  50  5:49  Stalker x2  
  51  5:52  Probe (Chrono Boost)  
  51  5:54  Probe (Chrono Boost)  
  50  6:01  Probe (Chrono Boost)  
  49  6:05  Probe  
  49  6:12  Probe  
  49  6:16  Nexus  
  49  6:17  Probe  
  51  6:23  Probe  
  51  6:25  Pylon  
  52  6:29  Probe, Protoss Ground Armor Level 1 (Chrono Boost)  
  53  6:33  Probe  
  54  6:41  Adept x3  
  54  6:44  Adept  
  62  6:47  Probe  
  62  6:48  Probe  
  64  6:59  Probe  
  65  7:04  Probe  
  62  7:13  Probe  
  63  7:28  Colossus  
  65  7:30  Probe  
  65  7:33  Gateway  
  65  7:35  Gateway  
  65  7:36  Probe x2  
  65  7:37  Pylon  
  66  7:39  Twilight Council  
  66  7:42  Probe  
  69  7:44  Pylon  
  69  7:46  Probe x2  
  69  7:47  Adept  
  73  7:54  Probe  
  73  7:55  Pylon  
  74  8:00  Probe  
  75  8:08  Probe  
  75  8:11  Probe x2  
  77  8:14  Photon Cannon  
  77  8:16  Assimilator  
  77  8:18  Templar Archives  
  78  8:20  Probe, Pylon, Assimilator  
  78  8:26  Protoss Ground Weapons Level 2 (Chrono Boost)  
  79  8:29  Probe x2  
  79  8:32  Probe  
  82  8:37  Disruptor  
  82  8:39  Probe x2  
  87  8:42  Blink  
  87  8:44  Probe  
  88  8:51  Psionic Storm  
  88  8:56  High Templar x2  
  88  8:57  Zealot x2  
  88  8:58  Probe  
  88  8:59  Probe  
  98  9:04  Probe  
  98  9:08  Probe  
  99  9:11  Probe  
  99  9:14  Probe, Adept  
  99  9:15  Adept x2  
  108  9:17  Adept  
  108  9:19  Probe  
  108  9:23  Probe  
  112  9:25  Probe  
  112  9:28  High Templar  
  112  9:29  Probe, Zealot, High Templar  
  120  9:41  Pylon  
  120  9:49  Robotics Facility  
  120  9:51  Pylon  
  120  9:53  Dark Shrine  
  120  9:55  Pylon  
  120  9:58  Colossus  
  126  10:03  Gateway  
  126  10:05  Gateway  
  126  10:06  Gateway  
  126  10:21  Stalker, Pylon  
  126  10:22  Stalker x5  
  126  10:23  High Templar  
  140  10:39  Protoss Ground Weapons Level 3 (Chrono Boost)  
  140  10:40  Pylon  
  140  10:45  Colossus  
  146  10:50  Zealot x5  
  125  11:17  Zealot  
  125  11:18  Zealot x6  
  120  11:27  Charge  
  118  11:43  Stalker x5  
  118  11:45  High Templar x2  
  130  11:57  Archon  
  124  12:05  Observer  
  98  12:15  Colossus (Chrono Boost)  
  101  12:26  Warp Prism (Chrono Boost)  
  101  12:27  Archon  
  101  12:29  Zealot  
  97  12:30  Zealot x3  
  101  13:01  Warp Prism (Chrono Boost)  
  103  13:18  Stalker x3  
  103  13:19  Stalker x2  
  113  13:20  High Templar  
  113  13:25  High Templar  
  95  13:51  Archon  
  95  13:59  Stalker  
  95  14:00  Stalker x4  
  95  14:01  Zealot  
Show
View Real Time Build Order
Export as new Build Order

Burt Terran 

Build Orders: Liberator Opening, Reaper Expand, MMM Bio 

Get SALT Encoding   

  12  0:01  SCV  
  13  0:13  SCV  
  14  0:18  Supply Depot  
  14  0:25  SCV  
  15  0:39  SCV  
  15  0:40  Barracks  
  16  0:46  Refinery  
  16  0:55  SCV  
  17  1:07  SCV  
  18  1:19  SCV  
  19  1:30  Reaper  
  19  1:32  Orbital Command  
  20  1:47  Command Center  
  20  1:57  Supply Depot  
  20  2:02  Refinery  
  20  2:03  SCV  
  21  2:28  Factory  
  21  2:30  SCV  
  21  2:33  Barracks Reactor  
  22  2:42  SCV  
  23  3:06  Orbital Command  
  23  3:07  SCV  
  23  3:11  Marine x2  
  26  3:15  Starport  
  26  3:19  Factory Tech Lab, SCV  
  27  3:23  Supply Depot, Barracks  
  27  3:29  Widow Mine  
  27  3:32  Marine x2  
  30  3:36  Liberator  
  30  3:39  SCV x2  
  32  3:45  Supply Depot  
  32  3:50  Marine x2  
  32  3:51  SCV  
  38  4:09  Marine x2  
  40  4:10  Factory Tech Lab  
  40  4:12  Barracks Tech Lab  
  40  4:27  SCV x2  
  42  4:31  Siege Tank  
  42  4:35  Marine x2  
  47  4:39  SCV x2  
  49  4:51  Orbital Command  
  49  5:02  Command Center  
  49  5:04  Engineering Bay  
  47  5:25  SCV x2  
  48  5:35  Marine x3  
  50  5:36  Siege Tank  
  50  5:41  SCV x2  
  56  5:53  SCV x2  
  58  5:58  Engineering Bay  
  58  5:59  Terran Infantry Weapons Level 1  
  58  6:05  SCV x2  
  57  6:11  Refinery  
  57  6:14  Refinery  
  57  6:17  SCV  
  58  6:25  SCV  
  59  6:30  SCV  
  59  6:32  Stimpack  
  60  6:37  SCV  
  61  6:42  SCV  
  61  6:45  Supply Depot  
  62  6:55  Command Center  
  62  6:56  SCV x2, Factory Reactor, Marine x2  
  62  6:57  Medivac  
  67  7:08  SCV x2  
  67  7:14  Marine x2  
  65  7:27  SCV x2  
  66  7:31  Medivac x2  
  66  7:32  Marine x2  
  66  7:35  Terran Infantry Armor Level 1  
  72  7:39  SCV x2  
  72  7:42  Barracks  
  72  7:43  Barracks  
  74  7:51  SCV x2  
  74  7:53  Supply Depot, Marine x2  
  74  7:55  Supply Depot  
  74  7:56  Supply Depot, Widow Mine  
  80  8:02  Refinery  
  80  8:03  SCV  
  81  8:06  SCV, Liberator  
  82  8:14  Planetary Fortress  
  82  8:15  SCV  
  82  8:18  SCV  
  84  8:20  Marine x2  
  89  8:27  SCV  
  89  8:30  SCV  
  91  8:34  Missile Turret  
  91  8:38  Marine x2  
  93  8:41  SCV  
  93  8:42  SCV  
  93  8:44  Planetary Fortress  
  95  8:52  SCV  
  95  8:53  SCV  
  95  8:54  SCV, Widow Mine x2  
  102  8:55  Barracks Reactor  
  102  8:56  Barracks Reactor  
  102  8:58  Combat Shields  
  102  8:59  Concussive Shells  
  102  9:00  Marauder  
  102  9:01  Marauder  
  106  9:04  SCV  
  106  9:07  Viking  
  109  9:17  Medivac  
  109  9:18  SCV x3  
  109  9:21  Marine  
  109  9:22  Marine  
  116  9:31  SCV x2  
  116  9:32  SCV x2  
  116  9:35  Marine x3  
  123  9:42  Armory  
  123  9:43  SCV  
  123  9:44  SCV x2  
  128  9:53  Widow Mine, Marauder x2  
  132  10:02  Viking  
  132  10:03  Marine x2  
  132  10:05  Supply Depot, Refinery  
  132  10:06  Supply Depot, Missile Turret  
  136  10:10  Refinery  
  136  10:29  Marine x2  
  136  10:30  Marine x4  
  136  10:31  Widow Mine x2  
  136  10:32  Medivac x2  
  150  10:47  Marine x3  
  150  10:48  Marine x2  
  139  10:59  Widow Mine x2  
  139  11:02  Medivac x2  
  131  11:15  Marine x2  
  131  11:16  Marine x4  
  134  11:19  SCV x2  
  134  11:20  SCV x2  
  134  11:21  Terran Infantry Weapons Level 2, Terran Infantry Armor Level 2  
  129  11:31  SCV, Missile Turret  
  129  11:32  SCV x3, Hellion x2, Missile Turret, Medivac x2  
  138  11:33  Missile Turret, Marine x2  
  138  11:34  Marine x4  
  144  11:44  SCV x4  
  148  11:51  Marine x4  
  148  11:52  Marine x2  
  148  11:53  Hellion x2  
  155  11:56  SCV x2  
  118  12:17  Marine x2  
  118  12:18  Marine x2  
  118  12:19  Viking x2, Marauder x2  
  118  12:21  Hellbat x2  
  101  12:34  SCV x4  
  101  12:35  Marine x3  
  101  12:36  Marine  
  99  12:39  Marine  
  99  12:40  Marine  
  98  12:46  SCV x2  
  98  12:49  Medivac x2  
  99  12:53  Marine x3  
  99  12:58  SCV  
  102  13:03  Liberator  
  102  13:05  Marauder x2  
  102  13:06  Widow Mine x2  
  105  13:16  Barracks  
  104  13:20  Refinery, Barracks  
  83  13:53  Marine x6  
  82  13:59  SCV  
Tags
 
Add a new tag
Caveats
  • Supply blocks, unpowered buildings, or Contaminate may cause inaccurate times.
  • Supply counts are checked every 10 seconds.